Back and forth to the wire, heavy tanks and all.

Match 42493568
End
Scout Squad
Construct Barracks
Riflemen Squad
Selects Armored Battlegroup
Selects Veteran Crews
Riflemen Squad
Grenade Package
Mechanized Support Center
Riflemen Squad
M1918 Browning Automatic Rifles
Engineer Squad
Construct Motor Pool
Selects Strength in Steel
M24 Chaffee Light Tank
M24 Chaffee Light Tank
M24 Chaffee Light Tank
Designate Forward Repair Station
Selects Field Repairs
Selects War Machine
Salvage Crew
Riflemen Squad
M24 Chaffee Light Tank
Selects Seek and Destroy
M24 Chaffee Light Tank
Rapid Repairs
Construct Tank Depot
Selects UNKNOWN (2160077)
M4A3E8 Sherman Easy Eight
Engineer Squad
M4A3E8 Sherman Easy Eight
Improvised Armor
MilfGuard
Ryan Gosling
Skyline
Dark Lord Cthulhu
0
0

Comments sign in to comment!

No comments posted yet!